 Dungeon Crawl Stone Soup version 0.19-b1-4-gd8a0a2a (webtiles) character file.

6500 sleepydude the Blocker (level 10, -4/96 HPs)
             Began as a Deep Dwarf Fighter on Oct 30, 2016.
             Was a Priest of Makhleb.
             Slain by a hill giant
             ... wielding a +0 giant club
              (21 damage)
             ... on level 9 of the Dungeon.
             The game lasted 00:36:25 (8072 turns).

sleepydude the Blocker (Deep Dwarf Fighter)         Turns: 8072, Time: 00:36:26

Health: -4/96      AC: 19    Str: 23    XL:     10   Next: 69%
Magic:  3/3        EV:  8    Int:  9    God:    Makhleb [***...]
Gold:   523        SH: 12    Dex: 12    Spells: 0 memorised, 9 levels left

rFire  . . .     SeeInvis .     b - +0 mace (holy)
rCold  . . .     Gourm    .     d - +0 plate armour
rNeg   . . .     Faith    .     c - +0 shield
rPois  .         Spirit   .     M - +1 helmet
rElec  .         Reflect  .     (no cloak)
rCorr  .         Harm     .     y - +0 pair of gloves
MR     +....                    s - +0 pair of boots
Stlth  ..........               (no amulet)
                                (no ring)
                                J - +1 ring of evasion

@: non-regenerating
A: damage resistance, recharge devices, sense surroundings 2, slow regeneration
3
a: Device Recharging, Minor Destruction, Lesser Servant of Makhleb, Renounce
Religion


You were on level 9 of the Dungeon.
You worshipped Makhleb.
Makhleb was most pleased with you.
You were not hungry.

You visited 2 branches of the dungeon, and saw 11 of its levels.
You also visited: Bailey.

You collected 523 gold pieces.

Inventory:

Hand Weapons
 b - a +0 mace of holy wrath (weapon)
 O - a +3 whip of freezing
Armour
 c - a +0 shield (worn)
 d - a +0 plate armour (worn)
 s - a +0 pair of boots (worn)
 y - a +0 pair of gloves (worn)
 M - a +1 helmet (worn)
Jewellery
 J - a +1 ring of evasion (left hand)
Wands
 a - a wand of paralysis (19/24)
 e - a wand of heal wounds (5/9)
 j - a wand of slowing (19/48)
 C - a wand of lightning (10/15)
 R - a wand of lightning (7/15)
Scrolls
 n - 5 scrolls of teleportation
 p - 3 scrolls of fear
 v - 2 scrolls of magic mapping
 A - 9 scrolls of remove curse {@r2}
 D - 3 scrolls of amnesia
Potions
 l - 3 potions of heal wounds
 m - a potion of cancellation
 q - a potion of magic {unknown}
 r - 5 potions of brilliance {unknown}
 t - 2 potions of mutation {unknown}
 u - 2 potions of invisibility {unknown}
 w - a potion of cure mutation {unknown}
 z - a potion of curing {unknown}
 G - a potion of berserk rage {unknown}
 H - a potion of beneficial mutation {unknown}
 K - a potion of agility {unknown}
 L - 3 potions of flight {unknown}
Books
 h - a book of Maledictions

   Spells                             Type                      Level
   a - Corona                         Hexes                        1
   b - Ensorcelled Hibernation        Hexes/Ice                    2
   c - Confuse                        Hexes                        3
   d - Tukima's Dance                 Hexes                        3
   e - Dazzling Spray                 Conjuration/Hexes            3
 B - a book of Changes

   Spells                             Type                      Level
   a - Beastly Appendage              Transmutation                1
   b - Sticks to Snakes               Transmutation                2
   c - Spider Form                    Transmutation/Poison         3
   d - Ice Form                       Ice/Transmutation            4
   e - Blade Hands                    Transmutation                5
 I - a book of Callings

   Spells                             Type                      Level
   a - Summon Small Mammal            Summoning                    1
   b - Call Imp                       Summoning                    2
   c - Call Canine Familiar           Summoning                    3
   d - Summon Guardian Golem          Hexes/Summoning              3
   e - Summon Lightning Spire         Summoning/Air                4
   f - Summon Ice Beast               Ice/Summoning                4
 Q - a book of Air

   Spells                             Type                      Level
   a - Shock                          Conjuration/Air              1
   b - Swiftness                      Charms/Air                   2
   c - Repel Missiles                 Charms/Air                   2
   d - Static Discharge               Conjuration/Air              3
   e - Lightning Bolt                 Conjuration/Air              5
 V - a book of Flames

   Spells                             Type                      Level
   a - Flame Tongue                   Conjuration/Fire             1
   b - Throw Flame                    Conjuration/Fire             2
   c - Conjure Flame                  Conjuration/Fire             3
   d - Inner Flame                    Hexes/Fire                   3
   e - Sticky Flame                   Conjuration/Fire             4
   f - Fireball                       Conjuration/Fire             5
Comestibles
 f - 4 bread rations
 g - 7 chunks of flesh
 i - 7 meat rations
 k - a royal jelly
 S - 7 beef jerkies


   Skills:
 + Level 8.0 Fighting
 + Level 8.4 Maces & Flails
 + Level 9.0 Armour
 + Level 3.8 Dodging
 + Level 9.3 Shields


You had 9 spell levels left.
You didn't know any spells.

Dungeon Overview and Level Annotations

Branches:
Dungeon (10/15)            Temple (1/1) D:5
   Lair: D:8-11         Orc: D:9-12

Altars:
Ashenzari
Cheibriados
Dithmenos
Elyvilon
Fedhas
Gozag
Hepliaklqana
Kikubaaqudgha
Makhleb
Nemelex Xobeh
Okawaru
Qazlal
Ru
Sif Muna
Trog
Uskayaw
Vehumet
Xom
Yredelemnul
Zin
The Shining One

Shops:
D:8 ?

Annotations:
D:10 Sonja


Innate Abilities, Weirdness & Mutations

You are resistant to damage.
You can recharge devices by infusing magical energy.
You passively map the area around you.
You do not regenerate.


Message History

The hill giant hits you but does no damage.
You hit the hill giant but do no damage.
The hill giant is moderately wounded.
The hill giant hits you with a giant club!
You hit the hill giant.
The hill giant is heavily wounded.
You block the hill giant's attack.
You hit the hill giant.
The hill giant is heavily wounded.
You block the hill giant's attack.
You hit the hill giant.
The hill giant is heavily wounded.
You sock the hill giant!
The hill giant is severely wounded.
The hill giant hits you with a giant club!!
* * * LOW HITPOINT WARNING * * *
You sock the hill giant!
The hill giant is almost dead.
The hill giant hits you with a giant club!!
You die...

.##.####.# #...........#
###)####.######.###..####.#
...[#............##..####.#
###.#..#.>#.#.#..#.....##.#
###.#.........#..#......#.#
..........#.#........###..#
.####...#.#.#.##.###.# #.##
.# #.......#>##.# #.###.#
.# ###.##....HC@# ##...##
.# #.......#### ##.## .###
#.##.#.....# #.# ...#
#.##.#.....# ##.#######
...# #..........#
#........# ...#
#####.#.....# #.######.##
#### #..)..#.....# #.# #..#
#)########### #.# ##.## #.#
#########..#


You could see a hill giant and a hippogriff.

Vanquished Creatures
  2 hill giants (D:10)
  Joseph (D:8)
  A hornet (D:9)
  Prince Ribbit (D:4)
  Grinder (D:6)
  Sigmund (D:3)
  A vampire (D:10)
  A hungry ghost (D:9)
  Menkaure (D:7)
  A water moccasin (D:7)
  A sky beast (D:7)
  4 orc warriors
  A black bear (D:10)
  8 ogres
  4 centaurs
  Blork the orc (D:5)
  4 bullfrogs
  6 scorpions
  5 howler monkeys
  2 hounds (D:8)
  5 jellies
  7 orc priests
  2 iguanas (D:8)
  2 bullfrog skeletons
  23 orc wizards
  7 worker ants
  2 hound skeletons (D:5)
  3 gnolls
  10 adders
  A shadow imp (D:10)
  An ooze (D:1)
  2 adder zombies (D:5)
  2 worms
  A dart slug (D:1)
  6 leopard geckos
  44 orcs
  3 giant cockroaches (D:4)
  10 goblins
  8 hobgoblins
  12 jackals
  4 quokkas
  8 bats
  7 frilled lizards
  A jackal skeleton (D:4)
  A jackal zombie (D:5)
  6 kobolds
  4 rats
229 creatures vanquished.

Vanquished Creatures (others)
  2 orc wizards (D:8)
2 creatures vanquished.

Grand Total: 231 creatures vanquished

Notes
Turn   | Place    | Note
-------+----------+-------------------------------------------
     0 | D:1      | sleepydude the Deep Dwarf Fighter began the quest for the Orb.
     0 | D:1      | Reached XP level 1. HP: 20/20 MP: 1/1
   249 | D:1      | Reached XP level 2. HP: 20/27 MP: 2/2
   518 | D:1      | Reached XP level 3. HP: 23/33 MP: 3/3
  1370 | D:2      | Reached XP level 4. HP: 23/42 MP: 4/4
  1534 | D:3      | Noticed Sigmund
  1560 | D:3      | Killed Sigmund
  1560 | D:3      | Reached XP level 5. HP: 28/50 MP: 5/5
  1695 | D:3      | Reached XP level 6. HP: 32/57 MP: 6/6
  2123 | D:4      | Reached skill level 5 in Shields
  2283 | D:4      | Reached skill level 5 in Armour
  2283 | D:4      | Reached XP level 7. HP: 31/64 MP: 7/7
  2715 | D:5      | Entered Level 5 of the Dungeon
  2765 | D:5      | Noticed Prince Ribbit
  2781 | D:4      | Upgraded the game from 0.19-b1-3-g7dea586 to 0.19-b1-4-gd8a0a2a
  3290 | D:4      | Killed Prince Ribbit
  3290 | D:4      | Reached skill level 5 in Maces & Flails
  3328 | D:5      | Reached XP level 8. HP: 56/73 MP: 6/6
  3477 | D:5      | Noticed Blork the orc
  3520 | D:5      | Killed Blork the orc
  3520 | D:5      | Reached skill level 5 in Fighting
  3797 | D:5      | Found a staircase to the Ecumenical Temple.
  3800 | D:5      | Found a glowing golden altar of the Shining One.
  3811 | Temple   | Entered the Ecumenical Temple
  3977 | Temple   | Became a worshipper of Makhleb the Destroyer
  4522 | D:6      | Noticed Grinder
  4539 | D:6      | Paralysed by Grinder for 6 turns
  4547 | D:6      | Paralysed by Grinder for 5 turns
  4556 | D:6      | Killed Grinder
  5008 | D:7      | Found a deep blue altar of Sif Muna.
  5015 | D:7      | Found a hazy altar of Hepliaklqana.
  5049 | D:7      | Noticed Menkaure
  5066 | D:7      | Killed Menkaure
  5066 | D:7      | Gained mutation: You passively map the area around you. [Deep Dwarf growth]
  5066 | D:7      | Reached XP level 9. HP: 70/82 MP: 6/6
  5196 | D:7      | Reached * piety under Makhleb
  5612 | D:8      | Got an opalescent robe
  5695 | D:8      | Found an opulent altar of Gozag.
  5737 | D:8      | Found a flagged portal.
  5742 | Bailey   | Entered a bailey
  5868 | D:8      | Noticed Joseph
  5912 | D:8      | Killed Joseph
  6149 | D:8      | Found Lifac's Magic Scroll Boutique.
  6426 | D:8      | Reached XP level 10. HP: 71/94 MP: 5/5
  6524 | D:8      | Identified a scroll of acquirement
  6554 | D:8      | Identified the +1 robe "Cowek" {Int+3 Dex+4} (You found it on level 8 of the Dungeon)
  6626 | D:9      | Reached ** piety under Makhleb
  6952 | D:9      | Reached skill level 1 in Dodging
  7089 | D:9      | Paralysed by a hornet for 3 turns
  7390 | D:9      | Found a sparkling altar of Nemelex Xobeh.
  7516 | D:10     | Entered Level 10 of the Dungeon
  7671 | D:10     | Noticed a hill giant
  7691 | D:10     | Killed a hill giant
  7831 | D:10     | Noticed a hill giant
  7846 | D:10     | Killed a hill giant
  7978 | D:10     | Noticed Sonja
  7987 | D:10     | Reached *** piety under Makhleb
  8026 | D:10     | Noticed a hill giant
  8072 | D:9      | Slain by a hill giant

Skill      XL: |  1  2  3  4  5  6  7  8  9 10 |
---------------+-------------------------------+-----
Fighting       | 3 4 5 7 8 |  8.0
Shields        | 4 5 6 7 8 9 |  9.3
Maces & Flails | 3 4 5 6 7 8 |  8.4
Armour         | 4 5 6 8 9 |  9.0
Dodging        | 3 |  3.8

Action                   |  1- 3 |  4- 6 |  7- 9 | 10-12 || total
-------------------------+-------+-------+-------+-------++-------
Melee: Flail             |   164 |   183 |   315 |       ||   662
       Whip              |       |       |   416 |   256 ||   672
       Mace              |       |       |       |    78 ||    78
Invok: Minor Destruction |       |       |       |     1 ||     1
 Abil: Device Recharging |       |       |     5 |     2 ||     7
Evoke: Wand              |       |     4 |    24 |     8 ||    36
  Use: Potion            |       |     1 |     1 |       ||     2
       Scroll            |       |       |     2 |    13 ||    15
  Eat: Chunk             |     1 |     3 |     9 |     8 ||    21
       Beef jerky        |     1 |       |       |       ||     1
       Bread ration      |       |       |     1 |       ||     1
       Pizza             |       |       |     1 |       ||     1
Armor: Scale mail        |    96 |    90 |   195 |       ||   381
       Chain mail        |       |       |    38 |    26 ||    64
       Plate armour      |       |       |       |   128 ||   128
Dodge: Dodged            |    63 |    43 |   189 |    48 ||   343
Block: Shield            |   110 |   110 |   330 |   125 ||   675
